3AAA
PENNSAUKEN FLYERS @ FLORIDA MEN
08/17/2030
 
TOP OF THE 1ST
Pennsauken Flyers batting - Pitching for Florida Men : RHP Juan Reyes
Pitching: RHP Juan Reyes
Batting: RHB Enrique Ibarra 0-0: Ground out 6-3 (Groundball, 6)
Batting: RHB Bartolo Rosas 0-0: Called Strike
0-1: Called Strike
0-2: Ball
1-2: Strikes out swinging
Batting: LHB Ignacio Martínez 0-0: Ball
1-0: Fly out, F7 (Flyball, 7)
Top of the 1st over - 0 runs, 0 hits, 0 errors, 0 left on base; Pennsauken 0 - Florida 0
BOTTOM OF THE 1ST
Florida Men batting - Pitching for Pennsauken Flyers : RHP Augusto Ramos
Pitching: RHP Augusto Ramos
Batting: RHB Manny Maltby 0-0: Ball
1-0: Ball
2-0: Foul Ball, location: 2F
2-1: Fly out, F8 (Flyball, 8RD)
Batting: RHB Israel Sanders 0-0: Ball
1-0: Called Strike
1-1: Called Strike
1-2: Ball
2-2: Foul Ball, location: 2F
2-2: Foul Ball, location: 2F
2-2: Ground out 5-3 (Groundball, 56)
Batting: LHB Jim Halpert 0-0: Ball
1-0: Ball
2-0: Ball
3-0: Called Strike
3-1: Foul Ball, location: 2F
3-2: Fly out, F8 (Line Drive, 8LM)
Bottom of the 1st over - 0 runs, 0 hits, 0 errors, 0 left on base; Pennsauken 0 - Florida 0
TOP OF THE 2ND
Pennsauken Flyers batting - Pitching for Florida Men : RHP Juan Reyes
Batting: LHB Vinski Prifti 0-0: Called Strike
0-1: SINGLE (Groundball, 4S) (infield hit)
Batting: RHB Clarence Therrien 0-0: Ball
Vinski Prifti is caught stealing 2nd base
1-0: Ball
2-0: Called Strike
2-1: Foul Ball, location: 2F
2-2: Foul Ball, location: 2F
2-2: Ground out 4-3 (Groundball, 4)
Batting: SHB Pedro Ortega 0-0: Ground out 4-3 (Groundball, 4M)
Top of the 2nd over - 0 runs, 1 hit, 0 errors, 0 left on base; Pennsauken 0 - Florida 0
BOTTOM OF THE 2ND
Florida Men batting - Pitching for Pennsauken Flyers : RHP Augusto Ramos
Batting: SHB Spencer Landes 0-0: Foul Ball, location: 2F
0-1: Ball
1-1: Ball
2-1: Fly out, F9 (Line Drive, 9)
Batting: LHB Iemitsu Hatsutori 0-0: Ball
1-0: Ball
2-0: Ball
3-0: Called Strike
3-1: Fly out, F9 (Flyball, 9LS)
Batting: SHB Tim Fowler 0-0: Called Strike
0-1: Ball
1-1: Foul Ball, location: 2F
1-2: Strikes out looking
Bottom of the 2nd over - 0 runs, 0 hits, 0 errors, 0 left on base; Pennsauken 0 - Florida 0
TOP OF THE 3RD
Pennsauken Flyers batting - Pitching for Florida Men : RHP Juan Reyes
Batting: RHB Raúl Javier Jr. 0-0: Ball
1-0: Ball
2-0: Swinging Strike
2-1: Ball
3-1: Ground out 4-3 (Groundball, 4)
Batting: RHB Marc Beck 0-0: Foul Ball, location: 2F
0-1: Called Strike
0-2: Reached on error, E5 (Groundball, 56)
Batting: RHB Carlos Deleón 0-0: Called Strike
0-1: Foul Ball, location: 2F
0-2: Ball
1-2: Strikes out swinging
Batting: RHB Enrique Ibarra 0-0: Ball
1-0: Ball
Marc Beck steals 2nd base
2-0: Called Strike
2-1: Called Strike
2-2: Strikes out swinging
Top of the 3rd over - 0 runs, 0 hits, 1 error, 1 left on base; Pennsauken 0 - Florida 0
BOTTOM OF THE 3RD
Florida Men batting - Pitching for Pennsauken Flyers : RHP Augusto Ramos
Batting: LHB Bastyão Lizardo 0-0: Ball
1-0: Ball
2-0: Called Strike
2-1: Ball
3-1: Foul Ball, location: 2F
3-2: Reached on error, E7 (Line Drive, 78M)
Batting: RHB Ron Thomas 0-0: SINGLE (Groundball, 34D)
Bastyão Lizardo to second
Batting: RHB Alex Vaske 0-0: Called Strike
0-1: Foul Ball, location: 2F
0-2: Strikes out looking
Batting: RHB Manny Maltby 0-0: Ball
1-0: Ball
2-0: Fielders Choice at 2nd, 6-4 (Groundball, 6)
Bastyão Lizardo to third
Batting: RHB Israel Sanders 0-0: Called Strike
0-1: Foul Ball, location: 2F
0-2: Ball
1-2: Ball
2-2: Ball
3-2: Base on Balls
Manny Maltby to second
Batting: LHB Jim Halpert 0-0: Ball
1-0: Fly out, F7 (Flyball, 7)
Bottom of the 3rd over - 0 runs, 1 hit, 1 error, 3 left on base; Pennsauken 0 - Florida 0
TOP OF THE 4TH
Pennsauken Flyers batting - Pitching for Florida Men : RHP Juan Reyes
Batting: RHB Bartolo Rosas 0-0: Foul Ball, location: 2F
0-1: Foul Ball, location: 2F
0-2: Hit by Pitch
Batting: LHB Ignacio Martínez 0-0: Ball
Bartolo Rosas is caught stealing 2nd base
1-0: Ground out 1-3 (Groundball, 15S)
Batting: LHB Vinski Prifti 0-0: Called Strike
0-1: DOUBLE (Line Drive, 7LS)
Batting: RHB Clarence Therrien 0-0: Swinging Strike
0-1: Ball
1-1: Foul Ball, location: 2F
1-2: Ball
2-2: Ball
3-2: Base on Balls
Batting: SHB Pedro Ortega 0-0: Called Strike
0-1: Ball
1-1: Swinging Strike
1-2: Fielders Choice at 2nd, 6-4 (Groundball, 6)
Top of the 4th over - 0 runs, 1 hit, 0 errors, 2 left on base; Pennsauken 0 - Florida 0
BOTTOM OF THE 4TH
Florida Men batting - Pitching for Pennsauken Flyers : RHP Augusto Ramos
Batting: SHB Spencer Landes 0-0: Ball
1-0: Foul Ball, location: 2F
1-1: Fly out, F9 (Flyball, 89M)
Batting: LHB Iemitsu Hatsutori 0-0: Foul Ball, location: 2F
0-1: Called Strike
0-2: Ball
1-2: Ball
2-2: Ball
3-2: Foul Ball, location: 2F
3-2: Foul Ball, location: 2F
3-2: Fly out, F7 (Line Drive, 7LM)
Batting: SHB Tim Fowler 0-0: Ball
1-0: Called Strike
1-1: Ball
2-1: Ball
3-1: Ground out U3 (Groundball, 3L)
Bottom of the 4th over - 0 runs, 0 hits, 0 errors, 0 left on base; Pennsauken 0 - Florida 0
TOP OF THE 5TH
Pennsauken Flyers batting - Pitching for Florida Men : RHP Juan Reyes
Batting: RHB Raúl Javier Jr. 0-0: Called Strike
0-1: Foul Ball, location: 2F
0-2: Strikes out swinging
Batting: RHB Marc Beck 0-0: Fly out, F9 (Line Drive, 9LM)
Batting: RHB Carlos Deleón 0-0: Fly out, F4 (Popup, 34)
Top of the 5th over - 0 runs, 0 hits, 0 errors, 0 left on base; Pennsauken 0 - Florida 0
BOTTOM OF THE 5TH
Florida Men batting - Pitching for Pennsauken Flyers : RHP Augusto Ramos
Batting: LHB Bastyão Lizardo 0-0: SINGLE (Groundball, 34S) (infield hit)
Batting: RHB Ron Thomas 0-0: Ball
1-0: Ball
2-0: Ball
3-0: Called Strike
3-1: Bunted foul
3-2: Strikes out swinging
Batting: RHB Alex Vaske 0-0: Called Strike
0-1: Ball
1-1: Called Strike
1-2: Fly out, F7 (Line Drive, 7D)
Batting: RHB Manny Maltby 0-0: Called Strike
0-1: Ball
1-1: Ball
2-1: Swinging Strike
2-2: SINGLE (Groundball, 6MD)
Bastyão Lizardo to second
Batting: RHB Israel Sanders 0-0: Ball
1-0: Ball
2-0: Ball
3-0: Base on Balls
Bastyão Lizardo to third
Manny Maltby to second
Batting: LHB Jim Halpert 0-0: Fly out, F8 (Flyball, 8LS)
Bottom of the 5th over - 0 runs, 2 hits, 0 errors, 3 left on base; Pennsauken 0 - Florida 0
TOP OF THE 6TH
Pennsauken Flyers batting - Pitching for Florida Men : RHP Juan Reyes
Batting: RHB Enrique Ibarra 0-0: Ball
1-0: Ball
2-0: Fly out, F1 (Line Drive, 13)
Batting: RHB Bartolo Rosas 0-0: Ball
1-0: Ball
2-0: Ball
3-0: Foul Ball, location: 2F
3-1: Foul Ball, location: 2F
3-2: Base on Balls
Batting: LHB Ignacio Martínez 0-0: Ball
1-0: Ball
2-0: Ball
3-0: Called Strike
3-1: Base on Balls
Bartolo Rosas to second
Batting: LHB Vinski Prifti 0-0: Ball
1-0: Called Strike
1-1: Ball
Bartolo Rosas steals 3rd base
2-1: Ball
3-1: Called Strike
3-2: Foul Ball, location: 2F
3-2: SINGLE (Line Drive, 34D)
Bartolo Rosas scores
Ignacio Martínez to second
Batting: RHB Clarence Therrien 0-0: Ball
1-0: Foul Ball, location: 2F
1-1: Called Strike
1-2: Strikes out swinging
Batting: SHB Pedro Ortega 0-0: Swinging Strike
0-1: Ball
1-1: Ball
2-1: DOUBLE (Line Drive, 9LM)
Ignacio Martínez scores
Vinski Prifti to third
Runner from 3rd tries for Home, SAFE, no throw
Batting: RHB Raúl Javier Jr. 0-0: Ball
1-0: Fly out, F9 (Flyball, 9S)
Top of the 6th over - 3 runs, 2 hits, 0 errors, 1 left on base; Pennsauken 3 - Florida 0
BOTTOM OF THE 6TH
Florida Men batting - Pitching for Pennsauken Flyers : RHP Augusto Ramos
Batting: SHB Spencer Landes 0-0: Ball
1-0: Ball
2-0: Called Strike
2-1: Foul Ball, location: 2F
2-2: Ball
3-2: Foul Ball, location: 2F
3-2: Foul Ball, location: 2F
3-2: Fly out, F8 (Flyball, 8RXD)
Batting: LHB Iemitsu Hatsutori 0-0: Foul Ball, location: 2F
0-1: Foul Ball, location: 2F
0-2: Ball
1-2: Foul Ball, location: 2F
1-2: Strikes out swinging
Batting: SHB Tim Fowler 0-0: Called Strike
0-1: Ball
1-1: Ball
2-1: Foul Ball, location: 2F
2-2: Foul Ball, location: 2F
2-2: SINGLE (Flyball, 8LM)
Batting: LHB Bastyão Lizardo 0-0: Ball
1-0: Fielders Choice at 2nd, 6-4 (Groundball, 6)
Bottom of the 6th over - 0 runs, 1 hit, 0 errors, 1 left on base; Pennsauken 3 - Florida 0
TOP OF THE 7TH
Pennsauken Flyers batting - Pitching for Florida Men : RHP Juan Reyes
Batting: RHB Marc Beck 0-0: Swinging Strike
0-1: SINGLE (Groundball, 56) (infield hit)
Batting: RHB Carlos Deleón 0-0: Ball
1-0: Called Strike
1-1: Called Strike
1-2: Ball
2-2: Ball
3-2: Foul Ball, location: 2F
3-2: Strikes out swinging
Batting: RHB Enrique Ibarra 0-0: Called Strike
0-1: Fly out, F9 (Line Drive, 9LS)
Batting: RHB Bartolo Rosas 0-0: Called Strike
0-1: Foul Ball, location: 2F
0-2: Ball
1-2: Fly out, F6 (Popup, P)
Top of the 7th over - 0 runs, 1 hit, 0 errors, 1 left on base; Pennsauken 3 - Florida 0
BOTTOM OF THE 7TH
Florida Men batting - Pitching for Pennsauken Flyers : RHP Augusto Ramos
Batting: RHB Ron Thomas 0-0: Ball
1-0: SINGLE (Groundball, 3D)
Pitching: RHP Manny Hernández
Batting: RHB Alex Vaske 0-0: Sac Bunt - play at first, batter OUT! 3-4
Ron Thomas to second
Batting: RHB Manny Maltby 0-0: Ground out 4-3 (Groundball, 4)
Ron Thomas to third
Batting: RHB Israel Sanders 0-0: Ball
1-0: Ball
2-0: Ball
3-0: Base on Balls
Batting: LHB Jim Halpert 0-0: Swinging Strike
0-1: Ball
1-1: Foul Ball, location: 2F
1-2: Foul Ball, location: 2F
1-2: Foul Ball, location: 2F
1-2: Ball
2-2: Reached on error, E5 (Groundball, 56)
Ron Thomas scores
Israel Sanders to second
Batting: SHB Spencer Landes 0-0: Ball
1-0: Ball
2-0: Ball
3-0: Base on Balls
Israel Sanders to third
Jim Halpert to second
Batting: LHB Iemitsu Hatsutori 0-0: Ball
1-0: Ball
2-0: Swinging Strike
2-1: Ball
3-1: Fly out, F3 (Popup, 23F)
Bottom of the 7th over - 1 run, 1 hit, 1 error, 3 left on base; Pennsauken 3 - Florida 1
TOP OF THE 8TH
Pennsauken Flyers batting - Pitching for Florida Men : RHP Juan Reyes
Batting: LHB Ignacio Martínez 0-0: Ball
1-0: Foul Ball, location: 2F
1-1: Called Strike
1-2: Ball
2-2: Ball
3-2: Foul Ball, location: 2F
3-2: Base on Balls
Pitching: RHP Carlos González
Batting: LHB Vinski Prifti 0-0: Ball
1-0: Foul Ball, location: 2F
1-1: Ball
2-1: Foul Ball, location: 2F
2-2: Ball
3-2: SINGLE (Groundball, 4MD)
Ignacio Martínez to second
Runner from 2nd tries for 3rd, SAFE, no throw
Pinch Runner at 3rd Enoch Reinhardt:
Batting: RHB Clarence Therrien 0-0: Ball
1-0: Ball
2-0: Foul Ball, location: 2F
2-1: Ball
3-1: SINGLE (Groundball, 56) (infield hit)
Enoch Reinhardt scores
Vinski Prifti to second
Batting: SHB Pedro Ortega 0-0: Sac Bunt - play at first, batter OUT! 5-3
Vinski Prifti to third
Clarence Therrien to second
Batting: RHB Raúl Javier Jr. 0-0: Ball
1-0: Ball
2-0: Foul Ball, location: 2F
2-1: DOUBLE (Groundball, 5L)
Vinski Prifti scores
Clarence Therrien scores
Batting: RHB Marc Beck 0-0: Intentional Walk
Batting: RHB Carlos Deleón 0-0: Ball
1-0: DOUBLE (Flyball, 78D)
Raúl Javier Jr. scores
Marc Beck to third
Runner from 3rd tries for Home, SAFE, no throw
Batting: RHB Enrique Ibarra 0-0: Called Strike
0-1: Ball
1-1: SINGLE (Groundball, 6M) (infield hit)
Carlos Deleón to third
Batting: RHB Bartolo Rosas 0-0: Called Strike
0-1: Foul Ball, location: 2F
0-2: Ball
1-2: Ball
Enrique Ibarra steals 2nd base
2-2: Strikes out swinging
Batting: RHB Enoch Reinhardt 0-0: Foul Ball, location: 2F
0-1: Foul Ball, location: 2F
0-2: Ball
1-2: SINGLE (Flyball, 9LS)
Carlos Deleón scores
Enrique Ibarra to third
Runner from 3rd tries for Home, SAFE, no throw
Batting: LHB Vinski Prifti 0-0: Ball
1-0: Ball
Enoch Reinhardt steals 2nd base
2-0: Ball
3-0: Called Strike
3-1: Foul Ball, location: 2F
3-2: DOUBLE (Groundball, 3L)
Enoch Reinhardt scores
Batting: RHB Clarence Therrien 0-0: Ball
1-0: Called Strike
1-1: Foul Ball, location: 2F
1-2: Ball
2-2: Ground out 3-1 (Groundball, 34S)
Top of the 8th over - 8 runs, 7 hits, 0 errors, 1 left on base; Pennsauken 11 - Florida 1
BOTTOM OF THE 8TH
Florida Men batting - Pitching for Pennsauken Flyers : RHP Manny Hernández
Batting: SHB Tim Fowler 0-0: Ball
1-0: Ball
2-0: Ball
3-0: Foul Ball, location: 2F
3-1: Base on Balls
Batting: LHB Bastyão Lizardo 0-0: Fly out, F8 (Flyball, 8LS)
Batting: RHB Ron Thomas 0-0: Foul Ball, location: 2F
0-1: Called Strike
0-2: Fly out, F9 (Line Drive, 9)
Batting: RHB Alex Vaske 0-0: Ball
1-0: Ball
2-0: Ball
3-0: Called Strike
3-1: Foul Ball, location: 2F
3-2: Strikes out swinging
Bottom of the 8th over - 0 runs, 0 hits, 0 errors, 1 left on base; Pennsauken 11 - Florida 1
TOP OF THE 9TH
Pennsauken Flyers batting - Pitching for Florida Men : RHP Carlos González
Batting: SHB Pedro Ortega 0-0: Called Strike
0-1: Ground out 4-3 (Groundball, 4)
Batting: RHB Raúl Javier Jr. 0-0: Called Strike
0-1: Ball
1-1: SINGLE (Groundball, 4MD)
Pinch Hitting: RHB Patrick Eggen 0-0: Called Strike
0-1: Ball
1-1: Ball
2-1: Foul Ball, location: 2F
2-2: Strikes out swinging
Batting: RHB Carlos Deleón 0-0: Foul Ball, location: 2F
0-1: Called Strike
0-2: Fielders Choice at 2nd, 6-4 (Groundball, 6)
Top of the 9th over - 0 runs, 1 hit, 0 errors, 1 left on base; Pennsauken 11 - Florida 1
BOTTOM OF THE 9TH
Florida Men batting - Pitching for Pennsauken Flyers : RHP Manny Hernández
Now in LF: Patrick Eggen
Batting: RHB Manny Maltby 0-0: Ball
1-0: Fly out, F9 (Flyball, 9D)
Batting: RHB Israel Sanders 0-0: Ball
1-0: Foul Ball, location: 2F
1-1: Ball
2-1: Foul Ball, location: 2F
2-2: Ball
3-2: Foul Ball, location: 2F
3-2: Ground out 5-3 (Groundball, 5S)
Batting: LHB Jim Halpert 0-0: Swinging Strike
0-1: Called Strike
0-2: Ball
1-2: Foul Ball, location: 2F
1-2: SINGLE (Flyball, 89S)
Batting: SHB Spencer Landes 0-0: Called Strike
0-1: Called Strike
0-2: Ball
1-2: Ball
2-2: Strikes out swinging
Bottom of the 9th over - 0 runs, 1 hit, 0 errors, 1 left on base; Pennsauken 11 - Florida 1
Sunday, March 18th, 2018 - OOTP Baseball 18.8 Build 76